 Dungeon Crawl Stone Soup version 0.16.1-11-g651b585 (webtiles) character file.

93 Woebin the Sneak (level 4, -3/30 HPs)
             Began as a Vampire Enchanter on Mar 31, 2015.
             Slain by ZiggyStardust's ghost (7 damage)
             ... on level 3 of the Dungeon.
             The game lasted 00:09:15 (2530 turns).

Woebin the Sneak (Vampire Enchanter)                Turns: 2530, Time: 00:09:15

Health: -3/30      AC:  8    Str:  7    XL:     4   Next: 37%
Magic:  0/8        EV: 12    Int: 17    God:
Gold:   77         SH:  0    Dex: 15    Spells: 2 memorised, 4 levels left

rFire  . . .     SeeInvis +     a - +2 dagger (venom)
rCold  + + +     Clarity  .     d - +3 leather armour {rC+}
rNeg   + + +     SustAb   +     (no shield)
rPois  +         Gourm    .     (no helmet)
rElec  .         Spirit   .     i - +0 cloak
rCorr  .         Warding  .     k - +0 pair of gloves
rMut   .         Stasis   .     (no boots)
MR     .....                    (no amulet)
Stlth  ++++......               (no ring)
                                p - ring of sustain abilities

@: regenerating slowly, not resistant to hostile enchantments, stealthy
A: bottle blood, fangs 3, see invisible, unbreathing
a: Bat Form


You were on level 3 of the Dungeon.
You were near bloodless.

You visited 1 branch of the dungeon, and saw 3 of its levels.

You collected 77 gold pieces.

Inventory:

Hand weapons
 a - a +2 dagger of venom (weapon)
 b - a +0 hunting sling
 n - a +1 dagger
Missiles
 h - 17 sling bullets
Armour
 d - a +3 leather armour of cold resistance (worn)
 i - a +0 cloak (worn)
 k - a +0 pair of gloves (worn)
 o - a +1 robe
Jewellery
 p - a ring of sustain abilities (left hand)
Scrolls
 e - 2 scrolls of recharging {unknown}
 g - a scroll of remove curse {unknown}
 m - a scroll of amnesia {unknown}
 t - a scroll of random uselessness {unknown}
Potions
 f - 2 potions of heal wounds {unknown}
 j - a potion of curing {unknown}
 l - a potion of invisibility {unknown}
 q - a potion of cancellation {unknown}
 r - a potion of magic {unknown}
 s - a potion of poison {unknown}
Books
 c - a book of Maledictions

   Spells                             Type                      Level
   a - Corona                         Hexes                        1
   b - Sure Blade                     Hexes/Charms                 2
   c - Ensorcelled Hibernation        Hexes/Ice                    2
   d - Confuse                        Hexes                        3
   e - Dazzling Spray                 Conjuration/Hexes            3
   f - Enslavement                    Hexes                        4


   Skills:
 * Level 1.7 Short Blades
 + Level 2.5 Dodging
 + Level 5.7 Stealth
 + Level 2.3 Spellcasting
 + Level 5.4 Hexes
 + Level 1.0 Ice Magic


You had 4 spell levels left.
You knew the following spells:

 Your Spells              Type           Power        Failure   Level  Hunger
a - Corona                Hex            ###....      2%          1    #......
b - Ensorcelled Hibernat  Hex/Ice        ##....       14%         2    ##.....


Dungeon Overview and Level Annotations

Branches:
Dungeon (3/15)

Altars:
The Shining One

Annotations:
D:3 ZiggyStardust's ghost, average TrTm


Innate Abilities, Weirdness & Mutations

You heal slowly.
You can bottle blood from corpses.
You have razor-sharp teeth.
You have supernaturally acute eyesight.
You can survive without breathing.


Message History

ZiggyStardust's ghost stops glowing.
Casting: Corona
Confirm with . or Enter, or press ? or * to list all spells.
Aiming: Corona
Press: ? - help, Shift-Dir - straight line, f/p - ZiggyStardust's ghost
Aim: ZiggyStardust's ghost (moderately damaged, chance 48%) ZiggyStardust's ghost resists with significant effort.
ZiggyStardust's ghost hits you!
* * * LOW HITPOINT WARNING * * *
Casting: Corona
Confirm with . or Enter, or press ? or * to list all spells.
Aiming: Corona
Press: ? - help, Shift-Dir - straight line, f/p - ZiggyStardust's ghost
Aim: ZiggyStardust's ghost (moderately damaged, chance 48%) ZiggyStardust's ghost is outlined in light.
ZiggyStardust's ghost hits you but does no damage.
You hit ZiggyStardust's ghost but do no damage.
ZiggyStardust's ghost is moderately damaged.
ZiggyStardust's ghost hits you!
You die...

.....# # #.....r .
#.....##. #.......
#....(.# #...... #### .
<..#....†# ##..## .$.
##.W....####....#......
.##..###..#..(W@......#
...W...†............#.#
.#.........#..........#
..........##........###
#...####.#.........#
#..........#......##
.#..###...###.....#
#....###..#.#
##..#.######.#


You could see ZiggyStardust's ghost.

Vanquished Creatures
  Jessica (D:3)
  3 adders (D:2)
  2 worms
  2 giant geckos
  7 hobgoblins
  2 jackals (D:2)
  A ball python (D:2)
  5 bats
  A giant cockroach (D:3)
  2 giant newts
  6 goblins
  3 kobolds
  3 rats
38 creatures vanquished.

Notes
Turn   | Place    | Note
--------------------------------------------------------------
     0 | D:1      | Woebin, the Vampire Enchanter, began the quest for the Orb.
     0 | D:1      | Reached XP level 1. HP: 13/13 MP: 3/3
   551 | D:1      | Found a glowing golden altar of the Shining One.
   652 | D:1      | Reached XP level 2. HP: 19/19 MP: 2/4
   656 | D:1      | Learned a level 2 spell: Ensorcelled Hibernation
  1016 | D:1      | Reached skill level 5 in Stealth
  1164 | D:2      | Reached skill level 5 in Hexes
  1522 | D:2      | Reached XP level 3. HP: 3/24 MP: 3/6
  2414 | D:3      | Reached XP level 4. HP: 30/30 MP: 8/8
  2481 | D:3      | Noticed ZiggyStardust's ghost (average TrTm)
  2504 | D:3      | Noticed Jessica
  2511 | D:3      | Killed Jessica
  2511 | D:3      | Reached skill level 1 in Ice Magic
  2530 | D:3      | Slain by ZiggyStardust's ghost

Action                   |  1- 3 |  4- 6 || total
-------------------------+-------+-------++-------
Melee: Dagger            |    66 |    16 ||    82
 Cast: Corona            |    11 |     5 ||    16
       Ensorcelled Hiber |    17 |     5 ||    22
 Stab: Sleeping          |    21 |     2 ||    23
